 Dungeon Crawl Stone Soup version 0.19.1-1-g22dce08 (webtiles) character file.

19418 Apert the Severer (level 12, -1/112 HPs)
             Began as a Minotaur Berserker on Jan 20, 2017.
             Was the Champion of Trog.
             Slain by a manticore (7 damage)
             ... summoned by Kirke
             ... on level 12 of the Dungeon.
             The game lasted 00:34:29 (11432 turns).

Apert the Severer (Minotaur Berserker)             Turns: 11432, Time: 00:34:30

Health: -1/112     AC:  0    Str: 26    XL:     12   Next: 36%
Magic:  11/11      EV: 16    Int:  4    God:    Trog [******]
Gold:   416        SH:  0    Dex: 11    Spells: 0 memorised, 11 levels left

rFire  . . .     SeeInvis .     (weapon currently unavailable)
rCold  . . .     Gourm    +     (armour currently unavailable)
rNeg   . . .     Faith    .     (shield currently unavailable)
rPois  .         Spirit   .     (helmet currently unavailable)
rElec  .         Reflect  .     (cloak currently unavailable)
rCorr  .         Harm     .     (gloves currently unavailable)
MR     .....                    (boots currently unavailable)
Stlth  ++........               n - amulet of the gourmand
                                (ring currently unavailable)
                                (ring currently unavailable)

@: exhausted, pig-form, barbed spikes, slowed
A: (retaliatory headbutt), (horns 0)
a: Berserk, Trog's Hand, Brothers in Arms, Burn Spellbooks, Renounce Religion


You were on level 12 of the Dungeon.
You worshipped Trog.
Trog was exalted by your worship.
You were very full.
You were a filthy swine.
You visited 2 branches of the dungeon, and saw 13 of its levels.

You collected 701 gold pieces.
You spent 285 gold pieces at shops.

Inventory:

Hand Weapons
 K - a +0 battleaxe
 V - a +2 battleaxe of venom
 Y - the +11 war axe of Eppomeh (melded) {chop, rF+ Str-4 Int+2}
   (Trog gifted it to you on level 10 of the Dungeon)

   It inflicts extra damage upon your enemies.
   It affects your strength (-4).
   It affects your intelligence (+2).
   It protects you from fire.
Armour
 o - a +0 cloak (melded)
 y - a +0 plate armour (melded)
 L - the +3 pair of boots "Waan" (melded) {Stlth+}
   (You bought it in a shop on level 6 of the Dungeon)

   It makes you more stealthy.
 N - a +1 pair of gloves (melded)
 Q - a +0 shield (melded)
Jewellery
 n - an amulet of the gourmand (around neck)
 v - an uncursed ring of see invisible
 B - an uncursed ring of positive energy
 C - a ring of protection from cold (melded)
 U - a +3 ring of evasion (melded)
 W - an uncursed amulet of harm {unknown}
Wands
 a - a wand of hasting (5/9)
 b - a wand of confusion (15/48)
 u - a wand of disintegration (10/24)
 G - a wand of lightning (5/15)
 S - a wand of acid (8/15)
Scrolls
 d - 2 scrolls of blinking {unknown}
 e - 2 scrolls of recharging
 f - 7 scrolls of identify
 i - a scroll of immolation
 j - a scroll of enchant armour
 l - 4 scrolls of remove curse
 r - 3 scrolls of teleportation
 s - 4 scrolls of magic mapping {unknown}
 t - 3 scrolls of amnesia {unknown}
 D - 2 scrolls of fog {unknown}
 H - a scroll of noise {unknown}
 I - a scroll of random uselessness {unknown}
 X - 2 scrolls of fear {unknown}
Potions
 g - a potion of resistance {unknown}
 h - 3 potions of heal wounds
 k - 9 potions of curing
 m - a potion of haste {unknown}
 p - 2 potions of berserk rage
 w - 3 potions of flight
 x - a potion of cure mutation {unknown}
 E - a potion of degeneration {unknown}
 F - a potion of agility {unknown}
 P - a potion of magic {unknown}
 R - a potion of invisibility {unknown}
Books
 M - a book of Power

   Spells                             Type                      Level
   a - Fulminant Prism                Conjuration/Hexes            4
   b - Iskenderun's Mystic Blast      Conjuration                  4
   c - Venom Bolt                     Conjuration/Poison           5
   d - Bolt of Magma                  Conjuration/Fire/Earth       5
   e - Iron Shot                      Conjuration/Earth            6
   f - Orb of Destruction             Conjuration                  7
   g - Spellforged Servitor           Conjuration/Summoning        7
   Trog disapproves of the use of such an item.
Comestibles
 c - 8 bread rations
 q - 6 meat rations
 z - 11 royal jellies
 A - 11 fruits
 J - 4 beef jerkies
 O - a slice of pizza
 T - 7 chunks of flesh


   Skills:
 + Level 11.9 Fighting
 + Level 16.6 Axes
 + Level 11.1 Armour
 + Level 5.0 Dodging
 + Level 1.7 Stealth
 + Level 4.3 Shields


You had 11 spell levels left.
You didn't know any spells.

Dungeon Overview and Level Annotations

Branches:
Dungeon (12/15)            Temple (1/1) D:7            Lair (0/6) D:11
    Orc (0/2) D:10

Altars:
Ashenzari
Cheibriados
Dithmenos
Elyvilon
Fedhas
Gozag
Hepliaklqana
Kikubaaqudgha
Makhleb
Nemelex Xobeh
Okawaru
Qazlal
Ru
Sif Muna
Trog
Uskayaw
Vehumet
Xom
Yredelemnul
Zin
The Shining One

Shops:
D:6 *   D:7 *[(

Annotations:
D:9 Prince Ribbit
D:12 Kirke


Innate Abilities, Weirdness & Mutations

((You reflexively headbutt those who attack you in melee.))
((You have a pair of horns on your head.))


Message History

You hear some strange, mumbled words.
Something summons a manticore!
The manticore flicks its tail.
The volley of spikes hits you!
The barbed spikes become lodged in your body.
The hog misses you. Something hits you!
You miss something. The hog closely misses you. The hog misses you.
The manticore bites you.
* * * LOW HITPOINT WARNING * * *
The manticore claws you!
* * * LOW HITPOINT WARNING * * *
The manticore closely misses you. Something hits you!
* * * LOW HITPOINT WARNING * * *
The manticore flicks its tail.
The volley of spikes hits you!
The barbed spikes become lodged in your body.
* * * LOW HITPOINT WARNING * * *
You closely miss something. The hog completely misses you.
The manticore bites you!
You die...

#..###..# ###.. #.
#...##..#####...# #.
#..#...#.......# #..
#.........##...# #..
#......#####..# .##...
#....### #..# ......#
##..### #...
.....z{##....# #...
.....H.h..#.....# #...
......hH.###.......##...
........## ............
........# #..######...
........# ..# ###.
........# ..# ##..
........# .# #.#.
........# #... ##..


You could see 2 manticores, a hog and a wight.

Vanquished Creatures
  Josephine (D:11)
  A centaur warrior (D:10)
  Nergalle (D:10)
  An unseen horror (D:10)
  Pikel (D:6)
  A hill giant (D:11)
  The ghost of loom the Destroyer, a novice DECj (D:8)
  A manticore (D:11)
  2 cyclopes (D:11)
  2 trolls
  2 two-headed ogres
  A hornet (D:8)
  5 hippogriffs
  6 wraiths
  A vampire (D:11)
  Sigmund (D:6)
  2 hogs (D:12)
  14 yaks
  2 wyverns
  A hungry ghost (D:9)
  Grum (D:9)
  Menkaure (D:6)
  2 soldier ants (D:8)
  A water moccasin (D:8)
  6 ice beasts
  A slave (D:6)
  An eye of draining (D:11)
  6 orc warriors
  A phantom (D:7)
  4 sky beasts
  A black bear (D:12)
  A necrophage (D:7)
  9 ogres
  8 wolves
  4 centaurs
  4 big kobolds
  10 bullfrogs
  A wyvern zombie (D:8)
  10 killer bees
  12 wights
  An electric eel (D:11)
  2 howler monkeys
  11 crimson imps
  A quasit (D:10)
  2 centaur skeletons
  A centaur zombie (D:10)
  A bullfrog zombie (D:9)
  5 hounds
  5 jellies
  5 orc priests
  A bullfrog skeleton (D:7)
  4 gnoll shamans (D:7)
  11 orc wizards
  2 iguanas
  11 worker ants
  A bullfrog simulacrum (D:10)
  A centaur simulacrum (D:10)
  A hound skeleton (D:11)
  A killer bee simulacrum (D:10)
  14 gnolls
  15 adders
  A howler monkey skeleton (D:11)
  3 shadow imps
  2 white imps (D:10)
  An ufetubus (D:10)
  3 oozes
  A dart slug (D:2)
  An adder simulacrum (D:10)
  3 leopard geckos
  38 orcs
  8 bats
  4 giant cockroaches
  8 goblins
  10 hobgoblins
  20 jackals
  18 kobolds
  3 quokkas
  3 frilled lizards
  A quokka simulacrum (D:10)
  A quokka skeleton (D:6)
  3 rats
  A spectral orc (D:3)
  2 fungi (D:7)
  5 plants (D:7)
367 creatures vanquished.

Vanquished Creatures (others)
  A slave (D:6)
  A water moccasin zombie (D:6)
  4 fungi (D:7)
6 creatures vanquished.

Grand Total: 373 creatures vanquished

Notes
Turn   | Place    | Note
-------+----------+-------------------------------------------
     0 | D:1      | Apert the Minotaur Berserker began the quest for the Orb.
     0 | D:1      | Reached XP level 1. HP: 19/19 MP: 0/0
   339 | D:1      | Reached XP level 2. HP: 24/27 MP: 1/1
   527 | D:2      | Reached skill level 4 in Axes
   655 | D:2      | Reached XP level 3. HP: 22/33 MP: 2/2
   657 | D:2      | Reached ** piety under Trog
  1520 | D:3      | Noticed a bullfrog
  1525 | D:3      | Killed a bullfrog
  1525 | D:3      | Reached skill level 5 in Axes
  1525 | D:3      | Reached XP level 4. HP: 41/41 MP: 3/3
  1631 | D:3      | Reached XP level 5. HP: 45/47 MP: 4/4
  1665 | D:3      | Found a sacrificial altar of Ru.
  1843 | D:3      | Found a white marble altar of Elyvilon.
  2193 | D:3      | Found a radiant altar of Vehumet.
  2194 | D:3      | Found a shattered altar of Ashenzari.
  2196 | D:3      | Found an ancient bone altar of Kikubaaqudgha.
  2197 | D:3      | Found a deep blue altar of Sif Muna.
  2198 | D:3      | Found a glowing golden altar of the Shining One.
  2199 | D:3      | Found a hide-covered altar of Uskayaw.
  2267 | D:3      | Reached *** piety under Trog
  2275 | D:3      | Found a basalt altar of Yredelemnul.
  2346 | D:4      | Reached skill level 5 in Fighting
  2346 | D:4      | Reached XP level 6. HP: 37/56 MP: 5/5
  2664 | D:4      | Reached skill level 6 in Axes
  2880 | D:4      | Reached skill level 1 in Stealth
  3092 | D:4      | Reached XP level 7. HP: 15/62 MP: 6/6
  3724 | D:5      | Entered Level 5 of the Dungeon
  3753 | D:5      | Reached skill level 7 in Axes
  3928 | D:5      | Reached skill level 5 in Armour
  4284 | D:6      | Reached **** piety under Trog
  4289 | D:6      | Reached skill level 8 in Axes
  4289 | D:6      | Reached XP level 8. HP: 61/71 MP: 7/7
  4303 | D:6      | Noticed Menkaure
  4310 | D:6      | Killed Menkaure
  4364 | D:6      | Found a stormy altar of Qazlal.
  4367 | D:6      | Noticed an air elemental
  4367 | D:6      | Noticed Sigmund
  4371 | D:6      | Found Qodox's Assorted Antiques.
  4375 | D:6      | Killed Sigmund
  4397 | D:6      | Bought a pair of crude boots for 218 gold pieces
  4402 | D:6      | Identified the +3 pair of boots "Waan" {Stlth+} (You bought it in a shop on level 6 of the Dungeon)
  4421 | D:6      | Reached skill level 9 in Axes
  4442 | D:6      | Noticed Pikel
  4481 | D:6      | Killed Pikel
  4481 | D:6      | Reached skill level 10 in Axes
  4481 | D:6      | Reached XP level 9. HP: 65/79 MP: 8/8
  5341 | D:7      | Reached skill level 11 in Axes
  5355 | D:7      | Found Cil Fapu's Antique Weapon Shop.
  5590 | D:7      | Reached ***** piety under Trog
  5622 | D:7      | Received a gift from Trog
  5622 | D:7      | Reached skill level 12 in Axes
  5887 | D:7      | Found Timpin's Armour Emporium.
  5894 | D:7      | Reached XP level 10. HP: 90/90 MP: 9/9
  5923 | D:7      | Bought a +0 buckler for 67 gold pieces
  6020 | D:7      | Found Hergha Juivu's General Store.
  6190 | D:7      | Found a staircase to the Ecumenical Temple.
  6194 | Temple   | Entered the Ecumenical Temple
  6974 | D:8      | Found a deep blue altar of Sif Muna.
  7127 | D:8      | Found a burning altar of Makhleb.
  7334 | D:8      | Reached skill level 13 in Axes
  7346 | D:8      | Noticed loom's ghost (novice DECj)
  7360 | D:8      | Killed loom's ghost
  8029 | D:9      | Noticed Grum
  8032 | D:9      | Killed Grum
  8033 | D:9      | Reached skill level 14 in Axes
  8605 | D:9      | Noticed Prince Ribbit
  8678 | D:9      | Reached XP level 11. HP: 99/99 MP: 10/10
  8813 | D:10     | Entered Level 10 of the Dungeon
  8815 | D:10     | Found a staircase to the Orcish Mines.
  8903 | D:10     | Reached skill level 10 in Fighting
  8937 | D:10     | Noticed a centaur warrior
  8943 | D:10     | Killed a centaur warrior
  8943 | D:10     | Reached skill level 10 in Armour
  8988 | D:10     | Noticed Nergalle
  9000 | D:10     | Killed Nergalle
  9000 | D:10     | Reached skill level 15 in Axes
  9207 | D:10     | Received a gift from Trog
  9211 | D:10     | Got a twisted war axe {god gift}
  9213 | D:10     | Identified the +11 war axe of Eppomeh {chop, rF+ Str-4 Int+2} (Trog gifted it to you on level 10 of the Dungeon)
  9401 | D:10     | Killed an unseen horror
  9654 | D:10     | Reached skill level 1 in Shields
  9853 | D:11     | Found a staircase to the Lair.
  9923 | D:11     | Reached skill level 5 in Dodging
 10261 | D:11     | Noticed Josephine
 10275 | D:11     | Killed Josephine
 10285 | D:11     | Reached skill level 16 in Axes
 10291 | D:11     | Reached XP level 12. HP: 36/110 MP: 11/11
 10588 | D:11     | Reached ****** piety under Trog
 11147 | D:12     | Received a gift from Trog
 11412 | D:12     | Noticed Kirke
 11431 | D:12     | HP: 5/112 [manticore/volley of spikes[Kirke] (4)]
 11432 | D:12     | Slain by a manticore

Skill      XL: |  1  2  3  4  5  6  7  8  9 10 11 12 |
---------------+-------------------------------------+-----
Fighting       | 4 5 6 7 8 9 11 | 11.9
Axes           | 4 5 6 8 10 12 14 16 | 16.6
Dodging        | 3 4 5 |  5.0
Armour         | 3 4 5 7 8 9 10 11 | 11.1
Stealth        | 1 |  1.7
Shields        | 3 4 |  4.3

Action                   |  1- 3 |  4- 6 |  7- 9 | 10-12 || total
-------------------------+-------+-------+-------+-------++-------
Melee: Hand axe          |    74 |   127 |   154 |       ||   355
       Headbutt          |     5 |    26 |    60 |   127 ||   218
       Battleaxe         |       |       |    86 |   384 ||   470
       Broad axe         |       |       |    23 |       ||    23
       War axe           |       |       |       |   216 ||   216
       Unarmed           |       |       |       |    11 ||    11
Invok: Berserk           |     1 |     1 |     4 |     4 ||    10
       Trog's Hand       |       |     1 |       |       ||     1
       Burn Spellbooks   |       |       |     1 |     1 ||     2
  Use: Scroll            |       |       |     7 |     4 ||    11
  Eat: Chunk             |    15 |    12 |    13 |    27 ||    67
Armor: Leather armour    |    21 |     2 |       |       ||    23
       Animal skin       |     1 |       |       |       ||     1
       Ring mail         |       |    32 |     9 |       ||    41
       Chain mail        |       |       |    63 |       ||    63
       Plate armour      |       |       |    71 |   331 ||   402
Dodge: Dodged            |    56 |    96 |   154 |   239 ||   545
Block: Shield            |       |       |       |    67 ||    67
